 Dungeon Crawl Stone Soup version 0.27.1-15-g792fb953b9 (webtiles) character file.

Game seed: 17568680018022497767

51 croobank the Digger (level 3, 0/26 HPs)
             Began as a Ghoul Earth Elementalist on Nov 19, 2021.
             Was a Follower of Kikubaaqudgha.
             Slain by a goblin (2 damage)
             ... on level 3 of the Dungeon.
             The game lasted 00:14:10 (1941 turns).

croobank the Digger (Ghoul Earth Elementalist)      Turns: 1941, Time: 00:14:11

Health: 0/26       AC:  2    Str: 11    XL:     3   Next: 81%
Magic:  1/5        EV: 12    Int: 10    God:    Kikubaaqudgha [*.....]
Gold:   38         SH:  0    Dex: 10    Spells: 1/6 levels left

rFire    . . .     SeeInvis .     - Unarmed
rCold    + . .     Faith    .   (no shield)
rNeg     + + +     Spirit   .   b - +0 robe
rPois    ∞         Reflect  .   (no helmet)
rElec    .         Harm     .   (no cloak)
rCorr    .         Rampage  .   (no gloves)
Will     .....                  (no boots)
Stlth    ++........             (no amulet)
HPRegen  0.00/turn              d - ring of flight
MPRegen  0.09/turn              (no ring)

@: mighty, flying, inhibited regen
A: claws 1, cold resistance 1, negative energy resistance 3, inhibited
regeneration, torment resistance 2
a: Renounce Religion, Receive Corpses


You were on level 3 of the Dungeon.
You worshipped Kikubaaqudgha.
Kikubaaqudgha was aware of your devotion.
You visited 1 branch of the dungeon, and saw 3 of its levels.

You collected 38 gold pieces.

Inventory:

Hand Weapons
 f - a +0 dagger
 l - a +0 long sword
 m - a +0 rapier
Missiles
 c - 22 stones
Armour
 b - a +0 robe (worn)
Jewellery
 d - a ring of flight (left claw)
 e - the amulet of the Skies Above {Faith *Corrode rElec Regen+ Stlth-}
   (You acquired it on level 3 of the Dungeon)

   [amulet of faith]

   It allows you to gain divine favour quickly.
   rElec:     It insulates you from electricity.
   Regen:     It increases your rate of health regeneration.
   *Corrode:  It may corrode you when you take damage.
   Stlth:     It makes you less stealthy.
Scrolls
 i - a scroll of immolation {unknown}
 k - 2 scrolls of noise
Potions
 a - a potion of flight


   Skills:
 * Level 0.1 Fighting
 + Level 2.2 Dodging
 + Level 2.2 Stealth
 * Level 1.5 Unarmed Combat
 + Level 2.2 Spellcasting
 * Level 0.3 Necromancy
 + Level 0.8 Transmutations
 + Level 3.8 Earth Magic


You had one spell level left.
You knew the following spells:

 Your Spells              Type           Power      Damage    Failure   Level
a - Sandblast             Erth           16%        2d6       6%          1
b - Passwall              Tmut/Erth      4%         N/A       17%         2
c - Animate Skeleton      Necr           2%         N/A       26%         1
d - Pain                  Necr           4%         1d4       26%         1

Your spell library contained the following spells:

 Spells                   Type           Power      Damage    Failure   Level
 Stone Arrow              Conj/Erth      8%         3d7       38%         3
 Corpse Rot               Necr/Air       N/A        N/A       41%         2
 Vampiric Draining        Necr           0%         2d6       63%         3
 Petrify                  Tmut/Erth      5%         N/A       75%         4


Dungeon Overview and Level Annotations

Branches:
Dungeon (3/15)

Altars:
Kikubaaqudgha

Annotations:
D:2 Sigmund


Innate Abilities, Weirdness & Mutations

You thrive by killing the living.
You are immune to poison.
You have sharp fingernails.
Your flesh is cold resistant. (rC+)
You are immune to negative energy. (rN+++)
You do not regenerate when monsters are visible.
You are immune to unholy pain and torment.


Message History

You barely miss the adder.
The adder is heavily wounded.
The goblin hits you with a +0 dagger.
* * * LOW HITPOINT WARNING * * *
The giant cockroach bites you but does no damage.
The adder barely misses you.
You claw the adder!
You kill the adder!
Kikubaaqudgha accepts your kill.
The giant cockroach completely misses you.
The giant cockroach misses you.
It was a potion of curing.
You feel better. The goblin hits you with a +0 dagger.
The giant cockroach closely misses you. The hobgoblin barely misses you.
Casting: Sandblast (safe; 6% risk of failure)
Confirm with . or Enter, or press ? or * to list all spells.
You don't have enough magic to cast this spell.
Unknown command.
This is a scroll of acquirement!
Something appears at your feet! The goblin hits you with a +0 dagger.
* * * LOW HITPOINT WARNING * * *
The giant cockroach barely misses you. The hobgoblin hits you.
* * * LOW HITPOINT WARNING * * *
The goblin hits you with a +0 dagger.
Keep equipping yourself?
* * * LOW HITPOINT WARNING * * *
The giant cockroach misses you. The hobgoblin barely misses you.
You start putting on your amulet.
You continue putting on the amulet of the Skies Above {Faith *Corrode rElec Regen+ Stlth-}.
The frilled lizard hisses angrily.
The goblin misses you. The giant cockroach barely misses you.
The hobgoblin closely misses you.
You continue putting on the amulet of the Skies Above {Faith *Corrode rElec Regen+ Stlth-}.
The giant cockroach bites you but does no damage.
The goblin barely misses you. The hobgoblin barely misses you.
The giant cockroach bites you but does no damage.
You continue putting on the amulet of the Skies Above {Faith *Corrode rElec Regen+ Stlth-}.
The goblin hits you with a +0 dagger.
You die...
Kikubaaqudgha rasps: "You have failed me!
Welcome... oblivion!"

#######
......
#....
######...
+.....rl
#..Bg#
#..g@#
#....#
######


You could see a giant cockroach, a hobgoblin, a goblin, a frilled lizard and a
rat.

Vanquished Creatures
  2 adders
  2 dart slugs
  4 ball pythons
  4 bats
  2 endoplasms (D:1)
  2 giant cockroaches (D:1)
  4 hobgoblins
  2 kobolds
  2 frilled lizards
  3 rats
27 creatures vanquished.

Notes
Turn   | Place    | Note
-------+----------+-------------------------------------------
     0 | D:1      | croobank the Ghoul Earth Elementalist began the quest for
                  | the Orb.
     0 | D:1      | Reached XP level 1. HP: 14/14 MP: 2/2
   272 | D:1      | Reached XP level 2. HP: 17/20 MP: 0/4
   418 | D:1      | Learned a level 2 spell: Passwall
   558 | D:1      | Found a faded altar of an unknown god.
   786 | D:1      | Became a worshipper of Kikubaaqudgha
   786 | D:1      | Reached * piety under Kikubaaqudgha
   786 | D:1      | Received a gift from Kikubaaqudgha
   789 | D:1      | Learned a level 1 spell: Animate Skeleton
   791 | D:1      | Learned a level 1 spell: Pain
   924 | D:2      | Reached XP level 3. HP: 26/26 MP: 5/5
  1444 | D:2      | Noticed Sigmund
  1925 | D:2      | Reached skill level 1 in Unarmed Combat
  1937 | D:3      | Identified a scroll of acquirement
  1937 | D:3      | Acquired the amulet of the Skies Above {Faith *Corrode
                  | rElec Regen+ Stlth-}
  1941 | D:3      | Slain by a goblin

Illustrated notes

Levels and vault maps discovered:
D:1:      nzn_arrival_crosshair, layout_basic,
          chequers_ecumenical_altar_simple_redux, corexii_leaking_fountain
D:2:      layout_basic, uniq_sigmund, uniq_robin
D:3:      layout_basic, minmay_fractal_squares_5, uniq_natasha

Skill      XL: |  1  2  3 |
---------------+----------+-----
Spellcasting   | 2 |  2.2
Dodging        | 2 |  2.2
Unarmed Combat | 1 |  1.5
Fighting       | |  0.1
Stealth        | |  2.2
Necromancy     | |  0.3
Transmutations | |  0.8
Earth Magic    | |  3.8

Action                   || total
-------------------------++-------
Melee: Unarmed           ||    40
       Dagger            ||    39
 Cast: Sandblast         ||    29
       Passwall          ||     2
  Use: Scroll            ||     6
       Potion            ||     3
 Stab: Sleeping          ||     4
Armor: Robe              ||    21
Dodge: Dodged            ||    95
